 Dungeon Crawl Stone Soup version 0.32-a0-913-g739538afd8 (webtiles) character file.

Game seed: 2510241255745247421

51 whatisthis the Apothecary (level 3, 0/28 HPs)
             Began as a Naga Alchemist on Apr 7, 2024.
             Slain by an orc
             ... wielding a +0 club
              (3 damage)
             ... on level 2 of the Dungeon.
             The game lasted 00:04:02 (1565 turns).

whatisthis the Apothecary (Naga Alchemist)          Turns: 1565, Time: 00:04:02

Health: 0/28       AC:  2    Str: 10    XL:     3   Next: 81%
Magic:  6/6        EV:  8    Int: 17    God:
Gold:   136        SH:  0    Dex: 11    Spells: 1/7 levels left

rFire   . . .        h - +1 dagger (drain)
rCold   . . .        (no shield)
rNeg    + . .        a - +0 robe
rPois   +            (no helmet)
rElec   .            (no cloak)
rCorr   .            (no gloves)
SInv    +            (no barding)
Will    .....        (no amulet)
Stlth   ++           k - ring of positive energy
HPRegen 0.24/turn    (no ring)
MPRegen 0.10/turn

%: no passive effects
@: very slow
A: AC +1, large, see invisible, deformed body, poison resistance, slowness 2,
spit poison 1, naga tail 1
a: Spit Poison


You were on level 2 of the Dungeon.
You visited 1 branch of the dungeon, and saw 2 of its levels.

You collected 136 gold pieces.

Inventory:

Hand Weapons
 h - a +1 dagger of draining (weapon)
Armour
 a - a +0 robe (worn)
Jewellery
 k - a ring of positive energy (left hand)
Scrolls
 c - a scroll of identify {unknown}
 l - a scroll of enchant armour {unknown}
Potions
 d - a potion of heal wounds {unknown}
 e - 2 potions of enlightenment {unknown}
 g - 2 potions of curing {unknown}
 i - a potion of might {unknown}
 j - a potion of ambrosia {unknown}


   Skills:
 - Level 1.5 Dodging
 + Level 3.9 Stealth
 + Level 2.5 Spellcasting
 + Level 1.9 Conjurations
 + Level 4.2 Alchemy


You had one spell level left.
You knew the following spells:

 Your Spells              Type           Power      Damage    Failure   Level
a - Sting                 Conj/Alch      48%        1d6       5%          1
b - Mercury Vapours       Alch/Air       18%        N/A       12%         2
c - Mephitic Cloud        Conj/Alch/Air  9%         N/A       24%         3

Your spell library contained the following spells:

 Spells                   Type           Power      Damage    Failure   Level
 Olgreb's Toxic Radiance  Alch           16%        N/A       32%         4
 Sticky Flame             Fire/Alch      9%         2d5       61%         4


Dungeon Overview and Level Annotations

Branches:
Dungeon (2/15)

Altars:


Innate Abilities, Weirdness & Mutations

Your serpentine skin is tough. (AC +1)
You have supernaturally acute eyesight. (SInv)
Armour fits poorly on your strangely shaped body.
Your system is resistant to poisons. (rPois)
You cover ground very slowly.
You can spit poison.
You have a snake-like lower body.


Message History

The orc hits you with a +0 club.
Unknown command.
Aiming: Sting (safe; 5% risk of failure)
Press: ? - help, Q - select action, (/) - cycle Shift-Dir - straight line, f/p - orc
Aim: an orc, wielding a +0 whip (almost dead, 71% to hit)
The sting misses the orc.
The orc hits you with a +0 whip.
* * * LOW HITPOINT WARNING * * *
The orc closely misses you.
You hit the orc.
You kill the orc!
The orc closely misses you.
Throw: 3 darts (poison)
Press: ? - help, Q - select action, (/) - cycle Shift-Dir - straight line, f - orc
Aim: an orc, wielding a +0 club and wearing a +0 ring mail (54% to hit)
You throw a poisoned dart.
The poisoned dart barely misses the orc.
You have got your breath back.
The orc hits you with a +0 club.
* * * LOW HITPOINT WARNING * * *
Throw: 2 darts (poison)
Press: ? - help, Q - select action, (/) - cycle Shift-Dir - straight line, f/p - orc
Aim: an orc, wielding a +0 club and wearing a +0 ring mail (54% to hit)
You throw a poisoned dart. The poisoned dart hits the orc.
The orc is poisoned.
The orc hits you with a +0 club.
* * * LOW HITPOINT WARNING * * *
You barely miss the orc. The orc hits you but does no damage.
Throw: dart (poison)
Press: ? - help, Q - select action, (/) - cycle Shift-Dir - straight line, f/p - orc
Aim: an orc, wielding a +0 club and wearing a +0 ring mail (poisoned, 54% to hit)
You throw a poisoned dart. The poisoned dart hits the orc.
The orc hits you with a +0 club.
* * * LOW HITPOINT WARNING * * *
Unknown command.
Unknown command.
Unknown command.
Magic courses through your body.
Your attacks no longer feel as feeble.
The orc hits you with a +0 club.
You die...

######### #.......###
#.####....# ##.## #..#.#
###...###..#.#
.......†...#.######..
.......##..#.....>..#
.......##....###########
..#...###...>...@)..)..##
..#######........o.>.?.....
..#..........#########.####
..#.#####.##.# # ..#.#
#.##.# ..#.#####.##.#
...#..)....).#
#.#†#####.#### #.#.# #.#


You could see an orc (poisoned).

Vanquished Creatures
  3 dart slugs (D:1)
  3 orcs (D:2)
  3 bats (D:1)
  4 endoplasms (D:1)
  3 giant cockroaches (D:1)
  4 goblins
  A hobgoblin (D:2)
  2 jackals (D:1)
  4 quokkas (D:1)
  2 ball pythons (D:1)
  A frilled lizard (D:2)
  4 kobolds
  2 rats
36 creatures vanquished.

Notes
Turn   | Place    | Note
-------+----------+-------------------------------------------
     0 | D:1      | whatisthis the Naga Alchemist began the quest for the Orb.
     0 | D:1      | Reached XP level 1. HP: 15/15 MP: 3/3
   220 | D:1      | Reached XP level 2. HP: 6/22 MP: 0/5
   534 | D:1      | Reached skill level 4 in Alchemy
   535 | D:1      | Reached XP level 3. HP: 23/28 MP: 4/6
   566 | D:1      | Learned a level 2 spell: Mercury Vapours
   570 | D:1      | Learned a level 3 spell: Mephitic Cloud
  1565 | D:2      | Slain by an orc

Illustrated notes

Levels and vault maps discovered:
D:1:      dpeg_arrival_rhombus, layout_loops_corners,
          chequers_serial_rivers_micro_d
D:2:      layout_loops_ring, hex_medium, uniq_crazy_yiuf_cottage

Skill      XL: |  1  2 |
---------------+-------+-----
Alchemy        | 4 |  4.2
Dodging        | |  1.5
Stealth        | |  3.9
Spellcasting   | |  2.5
Conjurations   | |  1.9

Action                     || total
---------------------------++-------
  Melee: Short sword       ||    25
         Unarmed           ||     5
         Dagger            ||    11
  Throw: Dart              ||     3
   Cast: Sting             ||    46
         Mercury Vapours   ||     2
Ability: Spit Poison       ||     3
    Use: Potion            ||     1
   Stab: Sleeping          ||     5
 Armour: Robe              ||    44
  Dodge: Dodged            ||    31

Table legend: (Time is in decaauts)
 A = Elapsed time spent in this place.
 B = Non-inter-level travel time spent in this place.
 C = Inter-level travel time spent in this place.
 D = Time resting spent in this place.
 E = Time spent auto-exploring this place.
 F = Levels seen in this place.
 G = Mean time per level.
                   A        B        C        D        E       F      G
               +--------+--------+--------+--------+--------+-----+--------+
         Total |   1949 |   1907 |     42 |    241 |   1176 |   2 |  974.5 |
       Dungeon |   1949 |   1907 |     42 |    241 |   1176 |   2 |  974.5 |
               +--------+--------+--------+--------+--------+-----+--------+

Top non-repeatable levels by time:
     D:1: 1684 daAuts
     D:2: 264 daAuts
